 Dungeon Crawl Stone Soup version 0.29.1-12-g30fa7ad0bf (webtiles) character file.

Game seed: 7470640625757887517

457 hawla the Firebug (level 7, -3/51 HPs)
             Began as a Meteoran Fire Elementalist on Jan 13, 2023.
             Slain by a gnoll
             ... wielding a +0 flail
             ... led by a gnoll sergeant
              (13 damage)
             ... on level 5 of the Dungeon.
             The game lasted 00:06:39 (1348 turns).

hawla the Firebug (Meteoran Fire Elementalist)      Turns: 1348, Time: 00:06:39

Health: -3/51      AC:  2    Str: 10    XL:     7   Next: 52%
Magic:  2/15       EV: 13    Int: 25    God:
Gold:   256        SH:  0    Dex: 14    Spells: 8/15 levels left

rFire   . . .      SeeInvis .   (no weapon)
rCold   . . .      Faith    .   (no shield)
rNeg    . . .      Spirit   .   a - +0 robe
rPois   +          Reflect  .   (no helmet)
rElec   .          Harm     .   (no cloak)
rCorr   .          Rampage  .   (no gloves)
Will    .....                   (no boots)
Stlth   +.........              (no amulet)
HPRegen 0.17/turn               e - ring of poison resistance
MPRegen 0.14/turn               f - +6 ring of intelligence

@: flying, very slightly contaminated, glowing
A: sense surroundings 1, otherworldly, glowing, explore regen
a: no special abilities


You were on level 5 of the Dungeon.
You visited 1 branch of the dungeon, and saw 5 of its levels.
You also visited: Ossuary.

You collected 256 gold pieces.

Inventory:

Armour
 a - a +0 robe (worn)
 c - a +0 cloak
Jewellery
 e - a ring of poison resistance (left hand)
 f - a +6 ring of intelligence (right hand)
 h - a ring of ice
 q - a +4 ring of protection
 s - an amulet of faith
Scrolls
 b - a scroll of butterflies
 k - a scroll of identify
 l - a scroll of poison {unknown}
 o - a scroll of magic mapping {unknown}
 p - a scroll of blinking
Potions
 d - a potion of degeneration {unknown}
 j - 2 potions of cancellation {unknown}
 m - a potion of haste {unknown}
 n - a potion of might {unknown}
 r - a potion of attraction {unknown}


   Skills:
 + Level 0.4 Fighting
 + Level 3.4 Dodging
 - Level 1.4 Stealth
 + Level 4.7 Spellcasting
 + Level 5.3 Conjurations
 + Level 5.8 Fire Magic


You had 8 spell levels left.
You knew the following spells:

 Your Spells              Type           Power      Damage    Failure   Level
a - Foxfire               Conj/Fire      100%       2x1d9     1%          1
b - Scorch                Fire           70%        2d8       1%          2
c - Flame Wave            Conj/Fire      34%        2d10      9%          4

Your spell library contained the following spells:

 Spells                   Type           Power      Damage    Failure   Level
 Conjure Flame            Conj/Fire      34%        6-21      2%          3
 Inner Flame              Hex/Fire       20%        N/A       8%          3


Dungeon Overview and Level Annotations

Branches:
Dungeon (5/15) Zot: 1805  Ossuary (visited)
 Temple: D:4-7

Altars:
Gozag

Shops:
D:1 [*


Innate Abilities, Weirdness & Mutations

You passively map a small area around you.
You are easily found by Zot.
You glow in the dark.
You regain HP and MP as you explore.


Message History

You conjure some foxfire!
The gnoll sergeant hits you from afar with a +2 spear of venom!
You are poisoned.
A gnoll comes into view. It is wielding a +0 flail.
Casting: Foxfire (safe; 1% risk of failure)
Confirm with . or Enter, or press ? or * to list all spells.
You conjure some foxfire!
You feel very sick.
The foxfire hits the gnoll sergeant!
The gnoll sergeant is burned terribly!
You kill the gnoll sergeant!
The foxfire hits the gnoll.
The gnoll is lightly wounded.
It was a potion of curing.
You feel better.
The foxfire hits the gnoll but does no damage.
The gnoll is lightly wounded.
The foxfire hits the gnoll.
The gnoll is lightly wounded.
The gnoll hits you with a +0 flail! The gnoll hits you with a +0 club.
The gnoll barely misses you. The gnoll hits you with a +0 flail.
The gnoll hits you with a +0 flail.
Casting: Foxfire (safe; 1% risk of failure)
Confirm with . or Enter, or press ? or * to list all spells.
Casting: Flame Wave (dangerous; 9% risk of failure)
Press: ? - help, Dir - look around, f - activate You miscast Flame Wave.
You are very lightly contaminated with residual magic.
Nothing appears to happen.
The gnoll closely misses you. The gnoll hits you with a +0 flail!
* * * LOW HITPOINT WARNING * * *
The gnoll closely misses you.
It was a potion of flight.
You feel very buoyant.
You fly up into the air.
The gnoll closely misses you. The gnoll hits you with a +0 flail.
* * * LOW HITPOINT WARNING * * *
The gnoll hits you with a +0 flail!
* * * LOW HITPOINT WARNING * * *
You feel better. The gnoll misses you. The gnoll hits you with a +0 flail!
You die...

* * * * * , , , ,
,, ##* , , #,* ,
.#
###.#########.## *
...............# ,
* #....@g....# ,
......ggg....# ,
####.....[...# ##
*#......)...###..#
...)....)...#.....
* .......###.....#
....... ###..###
....... #.<..# ,
............#


You could see 4 gnolls.

Vanquished Creatures
  A gnoll sergeant (D:5)
  A bullfrog (D:5)
  A necrophage (D:4)
  A hound (D:4)
  An orc priest (D:4)
  9 mummies
  4 gnolls
  An adder (D:5)
  A shadow imp (D:5)
  An ufetubus (D:4)
  A dart slug (D:2)
  6 orcs (D:4)
  4 ball pythons
  3 bats
  2 endoplasms (D:1)
  2 gnoll zombies (Ossuary)
  4 goblins
  3 hobgoblins
  A quokka (D:4)
  2 frilled lizards (D:1)
  A kobold (D:2)
  4 kobold zombies (Ossuary)
  2 orc zombies (Ossuary)
56 creatures vanquished.

Vanquished Creatures (others)
  74 foxfires
74 creatures vanquished.

Grand Total: 130 creatures vanquished

Notes
Turn   | Place    | Note
-------+----------+-------------------------------------------
     0 | D:1      | hawla the Meteoran Fire Elementalist began the quest for
                  | the Orb.
     0 | D:1      | Reached XP level 1. HP: 14/14 MP: 5/5
    26 | D:1      | Reached XP level 2. HP: 15/20 MP: 0/7
    63 | D:1      | Found Kipet's Armour Shoppe.
   121 | D:1      | Found Kujy's Assorted Antiques.
   155 | D:2      | Learned a level 2 spell: Scorch
   168 | D:2      | Reached XP level 3. HP: 26/26 MP: 5/8
   203 | D:4      | Reached XP level 4. HP: 33/33 MP: 6/9
   213 | D:4      | Learned a level 4 spell: Flame Wave
   402 | D:4      | Found an opulent altar of Gozag.
   426 | D:4      | Reached XP level 5. HP: 15/38 MP: 3/11
   606 | D:4      | Noticed a necrophage
   614 | D:4      | Killed a necrophage
   615 | D:4      | Reached XP level 6. HP: 39/45 MP: 1/12
   697 | D:4      | Found a sand-covered staircase.
   706 | Ossuary  | Entered an ossuary
   719 | Ossuary  | Reached skill level 5 in Fire Magic
   724 | Ossuary  | Reached skill level 5 in Conjurations
   734 | Ossuary  | Reached XP level 7. HP: 34/50 MP: 2/14
  1323 | D:5      | Entered Level 5 of the Dungeon
  1348 | D:5      | Slain by a gnoll

Illustrated notes

Levels and vault maps discovered:
D:1:      wander_arrival_abandoned_jail, layout_basic,
          shapermc_ecumenical_altar_notcrosses, serial_shops, shop,
          nicolae_shop_behind_doors, shop, nicolae_shop_bloodbath_and_beyond,
          nicolae_shop_crystal, minmay_misc_feat_pillars
D:2:      layout_loops_ring, basic_altar, lightli_corner_chamber, uniq_terence,
          uniq_sigmund
D:3:      layout_loops_corners, eat_drink_and_be_merry_uskayaw,
          nicolae_overflow_two_pavilions, serial_shops, shop,
          minmay_misc_feat_tiny
D:4:      layout_loops_corners, nicolae_gozag_cash_rules_everything_around_me,
          gup_ossuary_entry_pyramid
D:5:      layout_rooms, grunt_dithmenos_smoke

Skill      XL: |  1  2  3  4  5  6 |
---------------+-------------------+-----
Spellcasting   | 3 4 |  4.7
Fire Magic     | 4 5 |  5.8
Dodging        | 3 |  3.4
Conjurations   | 2 4 5 |  5.3
Fighting       | |  0.4
Stealth        | |  1.4

Action                   |  1- 3 |  4- 6 |  7- 9 || total
-------------------------+-------+-------+-------++-------
Melee: Unarmed           |     9 |     2 |       ||    11
       Punch             |     1 |       |       ||     1
 Cast: Foxfire           |    18 |    18 |     9 ||    45
       Scorch            |     1 |    15 |     3 ||    19
       Flame Wave        |       |     4 |       ||     4
  Use: Scroll            |     3 |     3 |       ||     6
       Potion            |       |     1 |     3 ||     4
Armor: Robe              |     2 |     2 |       ||     4
Dodge: Dodged            |     9 |     4 |     6 ||    19
